 Dungeon Crawl Stone Soup version 0.31-a0-750-gfe7b580527 (webtiles) character file.

Game seed: 2847110688707684809

85 GigaChad the Shield-Bearer (level 4, -4/37 HPs)
             Began as a Formicid Fighter on Sept 14, 2023.
             Was an Initiate of the Shining One.
             Slain by Eustachio
             ... wielding a +0 falchion
              (8 damage)
             ... on level 4 of the Dungeon.
             The game lasted 00:02:38 (1722 turns).

GigaChad the Shield-Bearer (Formicid Fighter)       Turns: 1722, Time: 00:02:38

Health: -4/37      AC:  8    Str: 22      XL:     4   Next: 75%
Magic:  4/4        EV:  9    Int:  8      God:    the Shining One [......]
Gold:   201        SH:  5    Dex: 12 (13) Spells: 3/3 levels left

rFire   . . .        a - +0 war axe
rCold   . . .        c - +0 buckler
rNeg    . . .        b - +1 scale mail
rPois   .            (helmet unavailable)
rElec   .            (no cloak)
rCorr   .            (no gloves)
SInv    +            (no boots)
Will    .....        (no amulet) Stlth
                     (no ring)
HPRegen 0.26/turn    (no ring)
MPRegen 0.09/turn

%: no passive effects
@: glowing
A: permanent stasis, dig shafts and tunnels, antennae 3, four strong arms
a: Dig, Shaft Self, Renounce Religion


You were on level 4 of the Dungeon.
You worshipped the Shining One.
The Shining One was noncommittal.
You visited 1 branch of the dungeon, and saw 4 of its levels.

You collected 201 gold pieces.

Inventory:

Hand Weapons
 a - a +0 war axe (weapon)
Armour
 b - a +1 scale mail (worn)
 c - a +0 buckler (worn)
Jewellery
 t - a ring of wizardry
Scrolls
 e - 2 scrolls of poison
 h - a scroll of vulnerability
 i - 2 scrolls of silence
 p - a scroll of teleportation
 q - a scroll of fear
Potions
 d - 2 potions of might
 g - 2 potions of brilliance {unknown}
 j - 2 potions of curing {unknown}
 k - 2 potions of cancellation {unknown}
 m - a potion of magic {unknown}
 n - a potion of resistance {unknown}
 o - a potion of attraction {unknown}
 u - a potion of ambrosia {unknown}


   Skills:
 + Level 3.7 Fighting
 + Level 2.9 Axes
 + Level 4.0 Armour
 + Level 0.5 Dodging
 + Level 0.1 Stealth
 + Level 4.8 Shields


You had 3 spell levels left.
You didn't know any spells.
Your spell library contained the following spells:

 Spells                   Type           Power      Damage    Failure   Level
 Kiss of Death            Conj/Necr      0%         2d5       80%         1
 Sting                    Tmut/Pois      0%         1d3       80%         1
 Ensorcelled Hibernation  Hex/Ice        0%         N/A       90%         2
 Passwall                 Tmut/Erth      0%         N/A       90%         2
 Poisonous Vapours        Pois/Air       0%         N/A       90%         2
 Summon Guardian Golem    Hex/Summ       0%         N/A       99%         3
 Olgreb's Toxic Radiance  Pois           0%         N/A       100%        4
 Silence                  Hex/Air        0%         N/A       100%        5
 Swiftness                Air            Unusable   N/A       N/A         3

Dungeon Overview and Level Annotations

Branches:
Dungeon (4/15)
 Temple: D:4-7

Altars:
The Shining One

Shops:
D:2 (

Annotations:
D:4 Eustachio, Ijyb


Innate Abilities, Weirdness & Mutations

You cannot be hasted, slowed, berserked, paralysed or teleported.
You can dig through walls and to a lower floor.
You have a pair of large antennae on your head. (SInv)
Your four strong arms can wield two-handed weapons with a shield.


Message History

You hit the quasit. You block the quasit's attack.
The quasit barely misses you. The quasit closely misses you.
Ijyb zaps a wand.
The puff of flame misses you. The quasit barely misses you.
The quasit claws you. The quasit misses you.
Unknown command.
You hit Ijyb.
Ijyb is severely wounded.
You closely miss the quasit. Ijyb hits you but does no damage.
The quasit bites you but does no damage.
The quasit claws you but does no damage. x2
Ijyb barely misses you.
The quasit bites you but does no damage.
The quasit claws you but does no damage.
You block the quasit's attack.
You hit Ijyb but do no damage.
Ijyb is severely wounded.
You barely miss the quasit.
The quasit bites you but does no damage.
You block the quasit's attack.
The quasit claws you but does no damage.
Ijyb hits you but does no damage. The quasit misses you.
The quasit barely misses you. The quasit claws you.
You feel clumsy.
You barely miss Ijyb.
Ijyb is severely wounded.
You miss the quasit. You block Ijyb's attack.
Eustachio casts a spell.
Eustachio blinks!
The quasit barely misses you. You block the quasit's attack.
The quasit barely misses you. Ijyb hits you but does no damage.
Eustachio hits you with a +0 falchion!
* * * LOW HITPOINT WARNING * * *
You slash Ijyb!
Ijyb is almost dead.
You closely miss the quasit. You miss Eustachio.
The quasit disappears in a puff of smoke!
Ijyb hits you with a +0 club.
* * * LOW HITPOINT WARNING * * *
Eustachio hits you with a +0 falchion!
You die...
Eustachio says, "Such is the fate of all honourless rascals."

. ..###,
...§######
#......#
#.##....@.#
#.......@.#
)###...§g.#
#......#
....######
####


You could see Eustachio and Ijyb.

Vanquished Creatures
  An adder (D:3)
  2 worms (D:3)
  2 dart slugs
  5 ball pythons
  6 endoplasms
  3 giant cockroaches
  3 goblins (D:1)
  5 hobgoblins
  7 jackals (D:1)
  2 quokkas
  8 bats
  4 frilled lizards
  8 kobolds
  4 rats
60 creatures vanquished.

Notes
Turn   | Place    | Note
-------+----------+-------------------------------------------
     0 | D:1      | GigaChad the Formicid Fighter began the quest for the Orb.
     0 | D:1      | Reached XP level 1. HP: 18/18 MP: 1/1
    82 | D:1      | Reached XP level 2. HP: 24/24 MP: 2/2
   213 | D:1      | Reached XP level 3. HP: 17/29 MP: 3/3
   884 | D:2      | Reached XP level 4. HP: 37/37 MP: 4/4
   925 | D:2      | Got the Elucidation of the Maledictive Autopsy
   997 | D:2      | Found a glowing golden altar of the Shining One.
  1120 | D:2      | Found Digeru Ziff's Weapon Emporium.
  1152 | D:2      | Became a worshipper of the Shining One
  1705 | D:4      | Noticed Eustachio
  1705 | D:4      | Noticed Ijyb
  1722 | D:4      | Slain by Eustachio

Illustrated notes

Levels and vault maps discovered:
D:1:      saegor_arrival_simple_a, layout_loops_ring, minmay_close_crescents
D:2:      layout_rooms, serial_forest, infiniplex_forest_lined_room_2,
          infiniplex_forest_clump_tiny, infiniplex_forest_clump_double,
          infiniplex_forest_lined_3, infiniplex_forest_lined_3,
          infiniplex_forest_clump_long, infiniplex_forest_lined_3_way,
          infiniplex_forest_lined_ring, serial_shops,
          nicolae_shop_real_fake_doors, basic_altar
D:3:      layout_rooms
D:4:      layout_loops_cross, mainiacjoe_overflow_concentric_impassable,
          general_overflow_altar, nicolae_dithmenos_the_darkroom,
          minmay_temple_entry_stoned_glass, uniq_robin, uniq_eustachio,
          uniq_ijyb

Skill      XL: |  1  2  3 |
---------------+----------+-----
Armour         | 4 |  4.0
Fighting       | |  3.7
Axes           | |  2.9
Dodging        | |  0.5
Stealth        | |  0.1
Shields        | |  4.8

Action                     |  1- 3 |  4- 6 || total
---------------------------+-------+-------++-------
  Melee: War axe           |    93 |    67 ||   160
    Use: Scroll            |       |     9 ||     9
 Armour: Scale mail        |    73 |    79 ||   152
  Dodge: Dodged            |    49 |    51 ||   100
  Block: Buckler           |    31 |    23 ||    54

Table legend: (Time is in decaauts)
 A = Elapsed time spent in this place.
 B = Non-inter-level travel time spent in this place.
 C = Inter-level travel time spent in this place.
 D = Time resting spent in this place.
 E = Time spent auto-exploring this place.
 F = Levels seen in this place.
 G = Mean time per level.
                   A        B        C        D        E       F      G
               +--------+--------+--------+--------+--------+-----+--------+
         Total |   1787 |   1700 |     87 |      9 |   1262 |   4 |  446.8 |
       Dungeon |   1787 |   1700 |     87 |      9 |   1262 |   4 |  446.8 |
               +--------+--------+--------+--------+--------+-----+--------+

Top non-repeatable levels by time:
     D:1: 824 daAuts
     D:3: 554 daAuts
     D:2: 385 daAuts
     D:4: 22 daAuts
